 Dungeon Crawl Stone Soup version 0.24-a0-475-g5b41c6f198 (webtiles) character file.

Game seed: 18121098198716859396

14305 Azzok the Martial Artist (level 11, -1/68 HPs)
             Began as a Vampire Earth Elementalist on July 5, 2019.
             Was a High Priest of Sif Muna.
             Slain by a rakshasa (illusionary)
             ... wielding a +2 long sword of slicing
              (2 damage)
             ... on level 13 of the Dungeon.
             The game lasted 00:22:05 (13519 turns).

Azzok the Martial Artist (VpEE)                    Turns: 13519, Time: 00:22:06

Health: -1/68      AC: 15    Str: 11    XL:     11   Next: 87%
Magic:  16/40      EV: 11    Int: 30    God:    Sif Muna [*****.]
Gold:   1047       SH:  5    Dex: 15    Spells: 24/30 levels left

rFire    . . .     SeeInvis +   M - staff of power
rCold    . . .     Gourm    .   E - +0 buckler
rNeg     . . .     Faith    .   N - +4 ring mail of the Pit {Int+7}
rPois    +         Spirit   .   L - +2 helmet {Int+3}
rElec    .         Reflect  .   f - +0 cloak
rCorr    .         Harm     .   q - +0 pair of gloves
MR       +....                  h - +0 pair of boots
Stlth    ++........             (no amulet)
HPRegen  0.41/turn              o - ring of poison resistance
MPRegen  0.27/turn              y - +3 ring of strength

@: regenerating quickly
A: no food, fangs 3, see invisible, unbreathing
a: Exsanguinate, Channel Magic, Forget Spell, Divine Exegesis, Renounce Religion


You were on level 13 of the Dungeon.
You worshipped Sif Muna.
Sif Muna was extremely pleased with you.
You were alive.

You visited 2 branches of the dungeon, and saw 15 of its levels.

You collected 1047 gold pieces.

Inventory:

Hand Weapons
 c - a +2 dagger of electrocution
 H - a +0 dagger of freezing
Missiles
 b - 111 stones (quivered)
Armour
 f - a +0 cloak (worn)
 h - a +0 pair of boots (worn)
 q - a +0 pair of gloves (worn)
 E - a +0 buckler (worn)
 L - a +2 helmet of intelligence (worn)
 N - the +4 ring mail of the Pit (worn) {Int+7}
   (You found it on level 9 of the Dungeon)

   It affects your intelligence (+7).
 P - a +0 troll leather armour
Magical Staves
 M - an uncursed staff of power (weapon)
Jewellery
 a - an uncursed ring of positive energy
 l - an uncursed amulet of magic regeneration
 o - a ring of poison resistance (left hand)
 p - an uncursed ring of resist corrosion
 u - an uncursed ring of protection from magic
 y - a +3 ring of strength (right hand)
Wands
 e - a wand of disintegration (13)
 C - a wand of digging (3)
 D - a wand of flame (21)
 R - a wand of clouds (6)
Scrolls
 d - 3 scrolls of remove curse
 j - 6 scrolls of magic mapping
 m - 4 scrolls of teleportation
 t - a scroll of immolation {unknown}
 v - a scroll of enchant armour
 w - 4 scrolls of amnesia
 x - 3 scrolls of blinking {unknown}
 A - 3 scrolls of fog {unknown}
 F - a scroll of fear {unknown}
 I - a scroll of enchant weapon {unknown}
 J - a scroll of torment {unknown}
 Q - a scroll of holy word {unknown}
Potions
 g - a potion of berserk rage
 i - a potion of lignification
 k - 3 potions of curing
 n - 3 potions of brilliance
 r - 3 potions of heal wounds
 s - 4 potions of haste
 z - 2 potions of agility
 B - a potion of might
 G - 2 potions of invisibility
 K - 2 potions of mutation {!q}
 O - 2 potions of resistance {unknown}


   Skills:
 - Level 2.1 Dodging
 - Level 3.0 Stealth
 - Level 4.0 Shields
 - Level 11.1 Unarmed Combat
 + Level 10.1 Spellcasting
   Level 1.1 Transmutations
 + Level 11.1 Earth Magic
 + Level 2.4 Invocations
 + Level 2.4 Evocations


You had 24 spell levels left.
You knew the following spells:

 Your Spells              Type           Power        Failure   Level  Hunger
a - Sandblast             Erth           ######       1%          1    N/A
d - Lee's Rapid Deconstr  Erth           ######....   2%          5    N/A

Your spell library contained the following spells:

 Spells                   Type           Power        Failure   Level  Hunger
 Passwall                 Tmut/Erth      ######..     1%          2    N/A
 Stone Arrow              Conj/Erth      #####.       2%          3    N/A
 Beastly Appendage        Tmut           ###...       5%          1    N/A
 Petrify                  Tmut/Erth      ######..     7%          4    N/A
 Sticks to Snakes         Tmut           ###.....     9%          2    N/A
 Throw Frost              Conj/Ice       ###...       13%         2    N/A
 Spider Form              Tmut/Pois      ###.......   21%         3    N/A
 Ice Form                 Ice/Tmut       ###.....     54%         4    N/A
 Summon Ice Beast         Ice/Summ       ###.....     63%         4    N/A
 Iron Shot                Conj/Erth      #####.....   78%         6    N/A
 Blade Hands              Tmut           ###.......   83%         5    N/A
 Excruciating Wounds      Chrm/Necr      ###.......   93%         5    N/A
 Ozocubu's Refrigeration  Ice            ###.......   100%        6    N/A

Dungeon Overview and Level Annotations

Branches:
Dungeon (14/15)            Temple (1/1) D:4            Lair (0/6) D:11
    Orc (0/2) D:10
 Vaults: D:13-14

Altars:
Ashenzari
Elyvilon
Gozag
Ru
Sif Muna
Uskayaw
Xom
Yredelemnul
Beogh

Portals:
Trove: D:10 (give +7 demon blade)

Annotations:
D:8 1 runed translucent door, nikopol's ghost, journeyman DEFE
D:12 3 runed translucent doors, Tenar's ghost, journeyman GrFi


Innate Abilities, Weirdness & Mutations

You do not eat.
Your natural rate of healing is unusually fast.
You have razor-sharp teeth.
You have supernaturally acute eyesight. (SInv)
You can survive without breathing.


Message History

Confirm with . or Enter, or press ? or * to list all spells.
Aiming: Sandblast (safe; 1% risk of failure)
Press: ? - help, Shift-Dir - straight line, f/p - rakshasa
Aim: a rakshasa, wielding a +2 long sword of slicing and wearing a +0 robe (severely wounded)
The blast of sand misses the rakshasa.
b - 112 stones You block the rakshasa's attack.
Okay, then.
Casting: Sandblast (safe; 1% risk of failure)
Confirm with . or Enter, or press ? or * to list all spells.
Aiming: Sandblast (safe; 1% risk of failure)
Press: ? - help, Shift-Dir - straight line, f/p - rakshasa
Aim: a rakshasa, wielding a +2 long sword of slicing and wearing a +0 robe (severely wounded)
The blast of sand hits the rakshasa!
The rakshasa is almost dead.
b - 111 stones The rakshasa blinks!
The rakshasa hits you with a +2 long sword of slicing!
* * * LOW HITPOINT WARNING * * *
You die...

·▒ ▒·····▒ ▒····▒·▒······▒···· ·▒
▒··▒▒▒▒ ▒···R▒·▒······▒···· ·▒
▒··▒ ▒····▒·▒▒▒▒▒▒▒▒···· ·▒ ▒··▒
╬····▒············· ·▒▒▒▒▒▒··▒▒▒
▒····▒············· ···········▒·
▒····▒·············
···········▒··▒▒'▒▒▒·············
▒▒▒▒·······▒···§······▒▒▒▒▒▒▒'▒▒▒
▒·······▒····@R·R··▒··········
▒·······▒▒▒▒▒▒▒▒▒▒·▒··········
▒▒▒▒················▒·▒··········
····················▒·▒······▒▒▒▒
···▒▒▒▒▒············▒▒▒······▒···
···▒ ▒·················>···▒···
···▒ ▒·····················▒···
···▒ ▒········▒▒▒▒▒▒▒▒·····▒···
···▒▒▒▒▒········▒ ▒·····▒···


You could see 3 rakshasas.

Vanquished Creatures
  A hydra (D:13)
  2 two-headed ogres
  A deep elf mage (D:10)
  An orb spider (shapeshifter) (D:13)
  2 ugly things
  2 gargoyles
  A komodo dragon (D:11)
  2 trolls
  Grinder (D:3)
  2 hornets
  3 hippogriffs
  Sigmund (D:5)
  8 yaks
  2 hungry ghosts
  2 steam dragons
  A warg (D:10)
  An acid dragon (D:13)
  4 orc warriors
  3 black bears
  3 ice beasts
  4 sky beasts
  2 phantoms
  3 necrophages
  An eye of draining (D:13)
  3 ogres
  A hornet zombie (D:10)
  4 centaurs
  A big kobold (D:8)
  4 bullfrogs
  17 killer bees
  3 scorpions
  7 howler monkeys
  A bullfrog zombie (D:10)
  11 crimson imps
  A quasit (D:10)
  8 hounds
  5 jellies
  Crazy Yiuf (D:2)
  3 iguanas
  6 orc priests
  2 gnoll shamans
  16 orc wizards
  3 bullfrog skeletons
  2 centaur skeletons
  Jessica (D:2)
  4 worker ants
  A hound zombie (D:7)
  2 hound skeletons
  A howler monkey zombie (D:7)
  2 howler monkey skeletons
  14 gnolls
  17 adders
  6 shadow imps
  An ooze (D:2)
  2 worms
  3 dart slugs
  3 leopard geckos
  47 orcs
  10 bats
  2 giant cockroaches (D:3)
  7 goblins
  8 hobgoblins
  5 jackals
  30 kobolds
  4 quokkas
  A ball python (D:6)
  3 frilled lizards (D:2)
  A leopard gecko skeleton (D:7)
  5 rats
332 creatures vanquished.

Vanquished Creatures (others)
  2 plants (D:11)
2 creatures vanquished.

Grand Total: 334 creatures vanquished

Notes
Turn   | Place    | Note
-------+----------+-------------------------------------------
     0 | D:1      | Azzok the Vampire Earth Elementalist began the quest for
                  | the Orb.
     0 | D:1      | Reached XP level 1. HP: 13/13 MP: 3/3
   294 | D:1      | Reached XP level 2. HP: 15/19 MP: 0/5
   354 | D:1      | Reached skill level 1 in Unarmed Combat
   802 | D:2      | Reached XP level 3. HP: 24/24 MP: 4/6
   848 | D:2      | Found a runed translucent door.
   849 | D:2      | Noticed Crazy Yiuf
   855 | D:2      | Killed Crazy Yiuf
  1119 | D:2      | Noticed Jessica
  1129 | D:2      | Killed Jessica
  1129 | D:2      | Reached XP level 4. HP: 30/30 MP: 8/8
  1284 | D:3      | Noticed Grinder
  1414 | D:3      | Reached XP level 5. HP: 15/35 MP: 9/9
  1854 | D:3      | Killed Grinder
  1854 | D:3      | Reached skill level 5 in Earth Magic
  1854 | D:3      | Reached XP level 6. HP: 10/41 MP: 2/12
  2155 | D:3      | Found an opulent altar of Gozag.
  2568 | D:4      | Found a staircase to the Ecumenical Temple.
  2627 | D:4      | Reached XP level 7. HP: 35/46 MP: 13/13
  2659 | Temple   | Entered the Ecumenical Temple
  2664 | Temple   | Became a worshipper of Sif Muna the Loreminder
  2703 | D:4      | Found a shattered altar of Ashenzari.
  3250 | D:5      | Entered Level 5 of the Dungeon
  3320 | D:5      | Reached skill level 5 in Unarmed Combat
  3635 | D:5      | Reached skill level 5 in Spellcasting
  4008 | D:5      | Reached XP level 8. HP: 43/52 MP: 15/15
  4219 | D:5      | Noticed Sigmund
  4223 | D:5      | Killed Sigmund
  4605 | D:6      | Reached skill level 1 in Shields
  5028 | D:6      | Reached * piety under Sif Muna
  5580 | D:6      | Reached XP level 9. HP: 57/57 MP: 15/18
  6426 | D:7      | Reached ** piety under Sif Muna
  6911 | D:7      | Learned a level 5 spell: Lee's Rapid Deconstruction
  7057 | D:8      | Found a runed translucent door.
  7057 | D:8      | Found a shimmering altar of Xom.
  7057 | D:8      | Noticed nikopol's ghost (journeyman DEFE)
  7057 | D:8      | Noticed a +2 mace of chaos
  7289 | D:8      | Reached XP level 10. HP: 41/63 MP: 13/21
  7769 | D:8      | Reached *** piety under Sif Muna
  7901 | D:8      | You fall into a shaft and drop 1 floor!
  8012 | D:8      | Found a white marble altar of Elyvilon.
  8746 | D:9      | Got a dazzling ring mail
  8747 | D:9      | Identified the +4 ring mail of the Pit {Int+7} (You found
                  | it on level 9 of the Dungeon)
  8859 | D:9      | Identified the Almanac of Snow
  9006 | D:10     | Entered Level 10 of the Dungeon
  9322 | D:10     | Found a portal to a secret trove of treasure.
  9480 | D:10     | Reached **** piety under Sif Muna
  9528 | D:10     | Found a staircase to the Orcish Mines.
  9568 | D:10     | Noticed a deep elf mage
  9571 | D:10     | Killed a deep elf mage
  9939 | D:10     | Reached skill level 10 in Unarmed Combat
 10047 | D:10     | Noticed a two-headed ogre
 10051 | D:10     | Killed a two-headed ogre
 10331 | D:11     | Noticed a gargoyle
 10333 | D:11     | Killed a gargoyle
 10345 | D:11     | Reached XP level 11. HP: 68/68 MP: 24/24
 10369 | D:11     | Reached skill level 10 in Earth Magic
 10498 | D:11     | Noticed a purple ugly thing
 10509 | D:11     | Killed a purple ugly thing
 10723 | D:11     | You fall into a shaft and drop 3 floors!
 10760 | D:14     | Noticed a brown ugly thing
 10762 | D:13     | Noticed a purple ugly thing
 10770 | D:13     | Killed a purple ugly thing
 11385 | D:11     | Noticed a two-headed ogre
 11388 | D:11     | Killed a two-headed ogre
 11465 | D:11     | Found a staircase to the Lair.
 11976 | D:12     | Reached ***** piety under Sif Muna
 12592 | D:12     | Found a runed translucent gate.
 12592 | D:12     | Found a runed translucent gate.
 12593 | D:12     | Found a runed translucent gate.
 12594 | D:12     | Noticed Tenar's ghost (journeyman GrFi)
 12598 | D:12     | Identified the cursed +0 halberd "Mewkuyte" {protect, rPois
                  | MR+ Str+4}
 12599 | D:12     | Found a roughly hewn altar of Beogh.
 12600 | D:12     | Found the +7 great mace "Firestarter" {inner flame, rF++}
 12768 | D:13     | Reached skill level 1 in Invocations
 12768 | D:13     | Reached skill level 1 in Evocations
 12873 | D:13     | Identified Cilead's Catalogue of Ashen Talismans (Sif Muna
                  | gifted it to you on level 13 of the Dungeon)
 12873 | D:13     | Received a gift from Sif Muna
 12887 | D:13     | Noticed an orb spider
 12894 | D:13     | Killed an orb spider
 13063 | D:13     | Reached skill level 10 in Spellcasting
 13378 | D:13     | Noticed an eight-headed hydra
 13386 | D:13     | Killed an eight-headed hydra
 13499 | D:13     | Noticed a rakshasa
 13519 | D:13     | HP: 1/68 [rakshasa (illusionary)/+2 long sword of slicing
                  | (11)]
 13519 | D:13     | Slain by a rakshasa (illusionary)

Levels and vault maps discovered:
D:1:      eino_arrival_druids_welcome, layout_basic
D:2:      layout_rooms, chequers_serial_rivers_large_a, uniq_jessica,
          uniq_crazy_yiuf_cottage
D:3:      layout_basic, grunt_gozag_breadcrumbs, first_ration, uniq_grinder
D:4:      layout_basic, minmay_temple_entry_slanted,
          nicolae_ashenzari_panopticon
D:5:      layout_gridville, uniq_sigmund
D:6:      layout_basic, bh_chokoban, st_stairs_9
D:7:      layout_gridville
D:8:      kennysheep_kobold_camp, layout_basic, ebering_ghost_xom, basic_altar
D:9:      layout_big_octagon
D:10:     layout_loops_ring, erik_orc_3, enter_trove_6
D:11:     layout_cave_pools, david_lair_shrubbed, serial_column_ruins,
          column_ruins_open_tiny, column_ruins_open_medium,
          column_ruins_columns_corner, column_ruins_columns_corner
D:12:     layout_stronghold, biasface_ghost_orc_armoury
D:13:     layout_irregular_city
D:14:     minmay_wavy_crystal, layout_cave_pools, grunt_vaults_entry_tiered,
          chequers_serial_rivers_room_a, serial_shops, kennysheep_little_box,
          blue_anna_alchemist [blue_anna_fruit_fields, blue_anna_fruit_fields],
          uniq_josephine
Temple:   grunt_wide_crystal_templ

Skill      XL: |  1  2  3  4  5  6  7  8  9 10 11 |
---------------+----------------------------------+-----
Unarmed Combat | 1 2 4 5 7 8 10 11 | 11.1
Spellcasting   | 3 4 5 6 7 9 10 | 10.1
Earth Magic    | 4 5 6 7 8 9 11 | 11.1
Shields        | 2 4 |  4.0
Invocations    | 2 |  2.4
Evocations     | 2 |  2.4
Dodging        | |  2.1
Stealth        | |  3.0
Transmutations | |  1.1

Action                   |  1- 3 |  4- 6 |  7- 9 | 10-12 || total
-------------------------+-------+-------+-------+-------++-------
Melee: Unarmed           |    27 |       |   135 |       ||   162
       Bite              |     6 |     1 |    18 |     3 ||    28
       Quarterstaff      |    23 |    94 |    60 |       ||   177
       Punch             |       |       |     4 |       ||     4
       Dagger            |       |       |    14 |    36 ||    50
       Staff             |       |       |       |     8 ||     8
 Cast: Sandblast         |    27 |    41 |   172 |   281 ||   521
       Lee's Rapid Decon |       |       |       |    24 ||    24
  Use: Scroll            |     5 |     1 |       |    16 ||    22
       Potion            |       |       |       |     1 ||     1
 Stab: Sleeping          |     2 |     2 |     4 |       ||     8
       Paralysed         |       |     2 |     2 |       ||     4
Armor: Robe              |    23 |    28 |    63 |    21 ||   135
       Ring mail         |       |       |       |    50 ||    50
Dodge: Dodged            |    50 |    92 |   190 |   112 ||   444
Block: Buckler           |       |       |    13 |    57 ||    70

Table legend:
 A = Non-vault XP
 B = Vault XP
 C = Vault XP percentage of total XP
 D = Non-vault monster count
 E = Vault monster count
 F = Vault count percentage of total count
                 A         B        C        D         E       F
            +---------+---------+-------+---------+---------+-------
      Total |   18676 |    1760 |   8.6 |     287 |      45 |  13.6
            +---------+---------+-------+---------+---------+-------
        D:1 |      19 |       0 |   0.0 |      11 |       0 |   0.0
        D:2 |      35 |      78 |  69.0 |      17 |       2 |  10.5
        D:3 |     185 |     290 |  61.1 |      33 |       1 |   2.9
        D:4 |     296 |       0 |   0.0 |      14 |       0 |   0.0
        D:5 |     589 |     238 |  28.8 |      17 |       1 |   5.6
        D:6 |    1092 |     158 |  12.6 |      33 |       2 |   5.7
        D:7 |    1727 |       0 |   0.0 |      32 |       0 |   0.0
        D:8 |    2045 |     121 |   5.6 |      32 |      21 |  39.6
        D:9 |     551 |       0 |   0.0 |      14 |       0 |   0.0
       D:10 |    2607 |     520 |  16.6 |      24 |      17 |  41.5
       D:11 |    3186 |     355 |  10.0 |      19 |       1 |   5.0
       D:12 |     740 |       0 |   0.0 |       5 |       0 |   0.0
       D:13 |    4296 |       0 |   0.0 |      29 |       0 |   0.0
       D:14 |    1308 |       0 |   0.0 |       7 |       0 |   0.0
            +---------+---------+-------+---------+---------+-------
